 Dungeon Crawl Stone Soup version 0.18.1-47-g9310371 (webtiles) character file.

339 MistressOfTheDunes the Skirmisher (level 6, -5/51 HPs)
             Began as a Mummy Monk on June 23, 2016.
             Slain by a slave (6 damage)
             ... led by Pikel
             ... on level 3 of the Dungeon.
             The game lasted 00:10:37 (22587 turns).

MistressOfTheDunes the Skirmisher (Mummy Monk)     Turns: 22587, Time: 00:10:38

Health: -5/51      AC:  0    Str: 15    XL:     6   Next: 29%
Magic:  6/6        EV: 13    Int:  9    God:
Gold:   193        SH:  0    Dex: 16    Spells: 0 memorised, 5 levels left

rFire  x . .     SeeInvis .       - Unarmed
rCold  + . .     Gourm    .     (no armour)
rNeg   + + +     Faith    .     (no shield)
rPois  ∞         Spirit   .     (no helmet)
rElec  .         Dismiss  .     (no cloak)
rCorr  .         Reflect  .     (no gloves)
SustAt .         Harm     .     (no boots)
MR     .....                    (no amulet)
Stlth  +.........               (no ring)
                                b - ring of loudness (curse)

@: not resistant to hostile enchantments, very unstealthy
A: no food or potions, fire vulnerability, cold resistance 1, negative energy
resistance 3, torment resistance, unbreathing
a: no special abilities


You were on level 3 of the Dungeon.
You were not hungry.

You visited 1 branch of the dungeon, and saw 4 of its levels.

You collected 193 gold pieces.


Innate Abilities, Weirdness & Mutations

You do not eat or drink.
Your flesh is vulnerable to fire.
You are immune to poison.
Your flesh is cold resistant.
You are immune to negative energy.
You are immune to unholy pain and torment.
You can survive without breathing.


   Skills:
 - Level 5.1 Fighting
 + Level 2.9 Dodging
 - Level 1.5 Stealth
 - Level 5.0 Unarmed Combat


You had 5 spell levels left.
You didn't know any spells.

Inventory:

Missiles
 a - 9 poisoned needles
Jewellery
 b - a cursed ring of loudness (left hand)
 k - an uncursed amulet of regeneration {unknown}
Scrolls
 c - 2 scrolls of magic mapping {unknown}
 d - a scroll of noise {unknown}
 e - 2 scrolls of teleportation {unknown}
 f - a scroll of enchant armour {unknown}
 g - 3 scrolls of remove curse {unknown}
 h - 3 scrolls of identify {unknown}
 i - a scroll of recharging {unknown}
 j - a scroll of blinking {unknown}

Dungeon Overview and Level Annotations

Branches:
Dungeon (4/15)
 Temple: D:4-7

Altars:
Ashenzari
Elyvilon
Kikubaaqudgha
Ru
Sif Muna
Trog
Yredelemnul

Shops:
D:4 ==

Annotations:
D:3 Edmund, Pikel

▒▒................▒▒.▒ ▒.
▒..###.....###....▒▒.▒ ▒.
▒).#▒##▒_▒##▒#.▒▒▒▒▒.▒ ▒.
▒..###.....###.▒▒....▒ ▒.
▒........[...........▒ ▒.
▒.▒▒▒▒▒▒▒.▒▒...▒▒....▒ ▒.
▒.▒ ▒.▒....▒▒....▒▒▒▒. ▒.▒
▒.▒...)▒▒▒▒▒▒▒.... ▒.▒
▒▒M▒.▒.............
▒.▒▒▒▒▒▒K>p..........▒....
▒.......†.................
▒▒▒▒▒▒▒...................
▒.....▒.............
▒...................
▒▒▒.▒..............▒
▒.▒.............▒▒
▒.▒.▒.▒▒▒▒▒▒▒▒▒.▒▒


You could see Pikel and a slave.


Message History

You annihilate the giant gecko!!!
You see here a giant gecko corpse!
You start resting!
HP restored!
You see here a giant gecko corpse!
There is a stone staircase leading down here!
You climb downwards!
Level annotation: Pikel Pikel hits you with a whip of flaming!!!
Pikel burns you! The slave barely misses you!
There is a stone staircase leading up here!
Here: Pikel, wielding a whip of flaming and wearing a robe The floor!
Unknown command!
Unknown command!
Unknown command!
Pikel hits you with a whip of flaming!!!
Pikel burns you! The slave hits you! * * * don't die
* * * The orc wizard casts a cantrip, but nothing happens!
You climb upwards!
Level annotation: Edmund
There is a stone staircase leading down here!
Unknown command!
Pikel hits you with a whip of flaming!!! * * * don't die
* * * Pikel burns you!!! * * * don't die
* * * The slave hits you! rip

Action                   |  1- 3 |  4- 6 || total
-------------------------+-------+-------++-------
Melee: Unarmed           |   140 |   284 ||   424
       Punch             |     3 |     5 ||     8
 Stab: Sleeping          |     2 |       ||     2
Dodge: Dodged            |    89 |   153 ||   242

Vault maps used:
D:1:      dpeg_arrival_more_subterranean_lakeside_camping
D:2:      kiku_gazebo_pond_becter, gammafunk_temple_overflow_elements,
          serial_forest, infiniplex_forest_fountain, infiniplex_forest_end_2,
          infiniplex_forest_lined_room_2, infiniplex_forest_zigzag_1,
          infiniplex_forest_straight_5, infiniplex_forest_end_double,
          infiniplex_forest_clump_tiny, nicolae_ru_sacrificial_ziggurat
D:3:      wad_woods_settlement, yredelemnul_altar_generic,
          grunt_temple_overflow_open, cheibrodos_ashenzari_chains
D:4:      minmay_thick_lines, serial_shops, shop, shop, kennysheep_mini_moat,
          first_bread, uniq_edmund, uniq_pikel

Notes
Turn   | Place    | Note
--------------------------------------------------------------
     0 | D:1      | MistressOfTheDunes the Mummy Monk began the quest for the Orb.
     0 | D:1      | Reached XP level 1. HP: 18/18 MP: 1/1
   354 | D:1      | Reached XP level 2. HP: 18/24 MP: 2/2
   884 | D:1      | Reached skill level 4 in Unarmed Combat
  1106 | D:2      | Reached XP level 3. HP: 10/29 MP: 3/3
  1348 | D:2      | Found a white marble altar of Elyvilon.
  1348 | D:2      | Found a bloodstained altar of Trog.
  1381 | D:2      | Found an ancient bone altar of Kikubaaqudgha.
  8420 | D:1      | Reached XP level 4. HP: 29/35 MP: 4/4
  8473 | D:1      | Noticed a deep elf mage
  8489 | D:1      | HP: 1/35 [deep elf mage/bolt of cold (5)]
  9028 | D:1      | Noticed an ice beast
 11327 | D:1      | Noticed a mottled dragon
 18011 | D:1      | Noticed an ice beast
 18053 | D:1      | Noticed a griffon
 18217 | D:3      | Reached skill level 5 in Unarmed Combat
 18507 | D:3      | Found a basalt altar of Yredelemnul.
 18584 | D:3      | Reached XP level 5. HP: 14/41 MP: 5/5
 18981 | D:3      | Found a deep blue altar of Sif Muna.
 18982 | D:3      | Found a sacrificial altar of Ru.
 19068 | D:3      | Found a shattered altar of Ashenzari.
 19441 | D:4      | Noticed Pikel
 19441 | D:4      | Noticed a slave
 19441 | D:4      | Noticed a slave
 19441 | D:4      | Noticed a slave
 19441 | D:4      | Noticed a slave
 19556 | D:2      | Reached skill level 4 in Fighting
 19662 | D:2      | Found a sacrificial altar of Ru.
 20162 | D:4      | Found Nooconko's Jewellery Emporium.
 20466 | D:4      | Reached skill level 5 in Fighting
 20466 | D:4      | Reached XP level 6. HP: 23/51 MP: 6/6
 20672 | D:4      | Noticed Edmund
 21501 | D:4      | Found Sotog's Jewellery Shoppe.
 21545 | D:4      | Found Gaiga's Jewellery Shoppe.
 21695 | D:3      | HP: 2/51 [Edmund/flail of protection (12)]
 22587 | D:3      | HP: 1/51 [Pikel/whip of flaming (9)]
 22587 | D:3      | Slain by a slave

Vanquished Creatures
  A jelly (D:4)
  An iguana (D:4)
  A centaur skeleton (D:1)
  A worker ant (D:4)
  4 gnolls (D:3)
  8 adders
  An adder skeleton (D:2)
  A worm (D:4)
  3 dart slugs
  7 giant geckos
  9 orcs
  A ball python (D:1)
  10 bats
  3 giant cockroaches
  9 goblins
  11 hobgoblins
  9 kobolds
  3 quokkas (D:3)
  4 giant newts
  15 rats
102 creatures vanquished.
